 Dungeon Crawl Stone Soup version 0.21.0 (webtiles) character file.

3758 bombasticus the Carver (level 10, -14/63 HPs)
             Began as a Gargoyle Berserker on Jan 8, 2018.
             Was a Priest of Trog.
             Demolished by a red ugly thing (22 damage)
             ... on level 10 of the Dungeon.
             The game lasted 00:09:17 (3258 turns).

bombasticus the Carver (Gargoyle Berserker)         Turns: 3258, Time: 00:09:18

Health: -14/63     AC: 20    Str: 24    XL:     10   Next: 15%
Magic:  10/10      EV:  8    Int:  8    God:    Trog [***...]
Gold:   146        SH:  0    Dex:  9    Spells: 9/9 levels left

rFire    . . .     SeeInvis +   y - +3 battleaxe (freeze)
rCold    . . .     Gourm    .   (shield currently unavailable)
rNeg     + . .     Faith    .   g - +0 plate armour
rPois    ∞         Spirit   .   (no helmet)
rElec    +         Reflect  .   (no cloak)
rCorr    .         Harm     .   (no gloves)
MR       +....                  (no boots)
Stlth    ..........             (no amulet)
HPRegen  0.20/turn              e - ring of protection from magic
MPRegen  0.12/turn              t - ring of see invisible (curse)

@: no status effects
A: negative energy resistance 1, electricity resistance, unbreathing,
petrification resistance, rot immunity, AC +7
a: Berserk, Trog's Hand, Burn Spellbooks, Renounce Religion


You were on level 10 of the Dungeon.
You worshipped Trog.
Trog was most pleased with you.
You were not hungry.

You visited 1 branch of the dungeon, and saw 11 of its levels.

You collected 146 gold pieces.

Inventory:

Hand Weapons
 a - a +0 falchion
 j - a +2 scimitar of flaming
 k - a +0 shortbow
 p - a +1 flail of protection
 x - a +1 flail
 y - a +3 battleaxe of freezing (weapon)
 z - a +3 hand axe
 A - a +1 whip of flaming
Armour
 b - a +0 animal skin
 g - a +0 plate armour (worn)
Jewellery
 e - a ring of protection from magic (left hand)
 t - a cursed ring of see invisible (right hand)
Scrolls
 h - a scroll of magic mapping {unknown}
 i - a scroll of random uselessness {unknown}
 l - 2 scrolls of identify {unknown}
 m - a scroll of fear {unknown}
 n - a scroll of teleportation {unknown}
 r - 2 scrolls of blinking {unknown}
 u - a scroll of immolation {unknown}
 v - a scroll of remove curse {unknown}
Potions
 d - 2 potions of cancellation {unknown}
 f - 3 potions of mutation {unknown}
 o - 2 potions of curing {unknown}
 w - a potion of flight {unknown}
Miscellaneous
 q - a lightning rod (4/4)
Comestibles
 c - 10 rations
 s - 11 chunks of flesh


   Skills:
 + Level 7.5 Fighting
 + Level 8.3 Long Blades
 + Level 6.2 Maces & Flails
 + Level 7.5 Armour
 + Level 2.7 Dodging
 + Level 1.8 Stealth


You had 9 spell levels left.
You didn't know any spells.

Dungeon Overview and Level Annotations

Branches:
Dungeon (11/15)
 Temple: D:4-7         Lair: D:8-11         Orc: D:9-12

Altars:
Vehumet


Innate Abilities, Weirdness & Mutations

You are resistant to torment.
Your stone body is resilient. (AC +7)
You are immune to poison.
You resist negative energy. (rN+)
You are resistant to electric shocks. (rElec)
You can survive without breathing.
You are immune to petrification.
You are immune to rotting.


Message History

There is a stone staircase leading up here.
The red ugly thing trunk-slaps you but does no damage.
You climb upwards.
There is a stone staircase leading down here.
Your plate armour prevents you from hitting the red ugly thing.
The red ugly thing trunk-slaps you but does no damage. x2
You slice the red ugly thing!! You freeze the red ugly thing.
The red ugly thing is moderately wounded.
The red ugly thing trunk-slaps you!
You are engulfed in flames!
* * * LOW HITPOINT WARNING * * *
You slash the red ugly thing! You freeze the red ugly thing.
The red ugly thing is heavily wounded.
The red ugly thing closely misses you.
The red ugly thing trunk-slaps you but does no damage.
You hit the red ugly thing but do no damage.
The red ugly thing is heavily wounded.
The red ugly thing trunk-slaps you.
* * * LOW HITPOINT WARNING * * *
You are engulfed in flames!!
You die...

..# #.## #.# #.#
#.# ###'###### #.#
#........# #.###
#........# ....#
#........# ....#
###........#
....#...+.......u#
....#.# #.......@#
......# #........#
....### ##+#######
#.### ..# .## #


You could see a red ugly thing.

Vanquished Creatures
  The ghost of crub the Carver, a journeyman MiBe of Trog (D:10)
  Erica (D:8)
  A hippogriff (D:10)
  3 yaks (D:9)
  A human (D:9)
  A hog (D:9)
  2 water moccasins
  An eye of draining (D:10)
  A sky beast (D:10)
  A centaur (D:3)
  A big kobold (D:7)
  3 bullfrogs
  A scorpion (D:3)
  5 wights (D:10)
  A howler monkey (D:4)
  3 crimson imps
  2 hounds
  2 orc priests
  A centaur skeleton (D:10)
  2 orc wizards
  Natasha (D:3)
  2 worker ants
  8 adders
  2 shadow imps
  A dart slug (D:4)
  2 leopard geckos
  6 orcs
  2 giant cockroaches
  2 goblins (D:3)
  4 hobgoblins (D:3)
  2 ball pythons
  2 bats
  2 frilled lizards (D:2)
  3 kobolds
  A leopard gecko zombie (D:5)
  3 rats
77 creatures vanquished.

Vanquished Creatures (others)
  An unseen horror (D:10)
  An orc wizard (D:10)
  3 orcs (D:10)
5 creatures vanquished.

Grand Total: 82 creatures vanquished

Notes
Turn   | Place    | Note
-------+----------+-------------------------------------------
     0 | D:1      | bombasticus the Gargoyle Berserker began the quest for the Orb.
     0 | D:1      | Reached XP level 1. HP: 14/14 MP: 1/1
     2 | D:1      | Noticed a vampire
     2 | D:1      | Noticed a draconian
     4 | D:1      | Noticed a minotaur
     4 | D:1      | Noticed a halfling
     8 | D:1      | Noticed an octopode
    10 | D:1      | Noticed a felid
    10 | D:1      | Noticed a centaur
    12 | D:1      | Noticed a merfolk
    12 | D:1      | Noticed a gargoyle
    14 | D:1      | Noticed a dwarf
    14 | D:1      | Noticed an elf
    16 | D:1      | Noticed a formicid
    18 | D:1      | Noticed a ghoul
    18 | D:1      | Noticed a naga
    20 | D:1      | Noticed a vine stalker
    20 | D:1      | Noticed a troll
    22 | D:1      | Noticed a tengu
    22 | D:1      | Noticed an ogre
    24 | D:1      | Noticed a demonspawn
    24 | D:1      | Noticed a demigod
    26 | D:1      | Noticed a spriggan
    26 | D:1      | Noticed a human
   104 | D:2      | Reached XP level 2. HP: 19/19 MP: 2/2
   115 | D:2      | Reached skill level 3 in Long Blades
   131 | D:2      | Reached XP level 3. HP: 16/24 MP: 3/3
   360 | D:2      | Reached skill level 1 in Stealth
   456 | D:3      | Noticed a centaur
   474 | D:3      | HP: 1/24 [centaur (5)]
   476 | D:3      | Killed a centaur
   476 | D:3      | Reached XP level 4. HP: 1/30 MP: 4/4
   476 | D:3      | Reached XP level 5. HP: 2/34 MP: 5/5
  1114 | D:3      | Reached skill level 4 in Long Blades
  1301 | D:3      | Noticed Natasha
  1318 | D:3      | Killed Natasha
  1318 | D:3      | Reached XP level 6. HP: 10/39 MP: 6/6
  1568 | D:3      | Reached ** piety under Trog
  1623 | D:5      | Entered Level 5 of the Dungeon
  1788 | D:6      | Noticed a water moccasin
  1818 | D:6      | Killed a water moccasin
  1818 | D:6      | Reached skill level 5 in Fighting
  1818 | D:6      | Reached XP level 7. HP: 44/44 MP: 7/7
  1930 | D:8      | Noticed Erica
  1942 | D:8      | Killed Erica
  1942 | D:8      | Reached skill level 6 in Long Blades
  1942 | D:8      | Reached skill level 1 in Maces & Flails
  1942 | D:8      | Reached skill level 5 in Armour
  1942 | D:8      | Reached XP level 8. HP: 51/51 MP: 8/8
  2440 | D:9      | Noticed a yak
  2440 | D:9      | Noticed a yak
  2441 | D:9      | Noticed a yak
  2457 | D:9      | Killed a yak
  2457 | D:9      | Reached XP level 9. HP: 56/56 MP: 9/9
  2507 | D:9      | Reached skill level 5 in Maces & Flails
  2576 | D:9      | Found a radiant altar of Vehumet.
  2765 | D:10     | Entered Level 10 of the Dungeon
  2772 | D:10     | Killed an unseen horror
  2933 | D:10     | Noticed crub's ghost (journeyman MiBe)
  2944 | D:10     | Killed crub's ghost
  2944 | D:10     | Reached skill level 7 in Long Blades
  3096 | D:10     | Reached XP level 10. HP: 60/63 MP: 10/10
  3114 | D:10     | Reached *** piety under Trog
  3114 | D:10     | Reached skill level 8 in Long Blades
  3244 | D:11     | Noticed a red ugly thing
  3246 | D:11     | Noticed a kobold demonologist
  3246 | D:11     | Noticed a kobold demonologist
  3250 | D:11     | Noticed a sun demon
  3258 | D:10     | Demolished by a red ugly thing

Skill      XL: |  1  2  3  4  5  6  7  8  9 10 |
---------------+-------------------------------+-----
Long Blades    | 3 4 6 7 8 |  8.3
Stealth        | 1 |  1.8
Fighting       | 4 5 6 7 |  7.5
Dodging        | 2 |  2.7
Armour         | 3 5 6 7 |  7.5
Maces & Flails | 1 4 6 |  6.2

Action                   |  1- 3 |  4- 6 |  7- 9 | 10-12 || total
-------------------------+-------+-------+-------+-------++-------
Melee: Falchion          |    71 |   145 |     4 |       ||   220
       Flail             |       |       |   112 |       ||   112
       Scimitar          |       |       |    88 |    29 ||   117
       Battleaxe         |       |       |       |     9 ||     9
Invok: Berserk           |     1 |     2 |     4 |       ||     7
       Trog's Hand       |       |       |     2 |       ||     2
  Eat: Chunk             |       |     5 |     9 |     2 ||    16
Armor: Animal skin       |    19 |       |       |       ||    19
       Plate armour      |    40 |   121 |   294 |    25 ||   480
Dodge: Dodged            |    52 |    56 |   137 |    20 ||   265
       Rpst.: Falchion   |    12 |    16 |     1 |       ||    29
       Scimitar          |       |       |     4 |     3 ||     7
